 Dungeon Crawl Stone Soup version 0.30-a0-1094-g860fb061e7 (webtiles) character file.

Game seed: 7985505068700345418

148 Esekla the Sneak (level 5, -6/37 HPs)
             Began as an Octopode Delver on Apr 17, 2023.
             Was an Initiate of Gozag.
             Killed from afar by an orc wizard (12 damage)
             ... with a puff of flame
             ... on level 6 of the Dungeon.
             The game lasted 00:09:31 (1540 turns).

Esekla the Sneak (Octopode Delver)                  Turns: 1540, Time: 00:09:31

Health: -6/37      AC:  1    Str: 11    XL:     5   Next: 30%
Magic:  7/7        EV: 13    Int: 15    God:    Gozag
Gold:   29         SH:  0    Dex: 13    Spells: 7/7 levels left

rFire   . . .      SeeInvis .    a - +0 long sword
rCold   . . .      Faith    .    (no shield)
rNeg    . . .      Spirit   .    (helmet restricted)
rPois   .          Reflect  .    (no amulet)
rElec   .          Rampage  .    (no ring)
rCorr   .                        (no ring)
Will    .....                    (no ring)
Stlth   +++++                    (no ring)
HPRegen 0.26/turn                (no ring)
MPRegen 0.10/turn                (no ring)
                                 (no ring)
                                 (no ring)

@: gold aura, hasted, very quick
A: almost no armour, amphibious, 8 rings, camouflage 1, gelatinous body 1,
(nimble swimmer 1), tentacles
a: Renounce Religion, Potion Petition, Call Merchant, Bribe Branch


You were on level 6 of the Dungeon.
You worshipped Gozag.
Gozag was noncommittal.
You visited 2 branches of the dungeon, and saw 4 of its levels.

You collected 103 gold pieces.
You spent 52 gold pieces at shops.
You paid 22 gold pieces to Gozag.

Inventory:

Hand Weapons
 a - a +0 long sword (weapon)
 l - a +0 dagger
 n - a +0 spear
Missiles
 o - a throwing net (quivered)
Wands
 f - a wand of digging (2)
Scrolls
 b - a scroll of fog
 c - a scroll of immolation {unknown}
 d - 3 scrolls of teleportation {unknown}
 h - a scroll of silence {unknown}
 j - a scroll of identify {unknown}
 m - a scroll of enchant weapon {unknown}
Potions
 g - a potion of berserk rage {unknown}
 i - a potion of degeneration {unknown}
 k - a potion of brilliance {unknown}


   Skills:
 * Level 3.6 Fighting
 * Level 2.6 Long Blades
 * Level 2.4 Dodging
 + Level 7.8 Stealth
 * Level 1.8 Spellcasting


You had 7 spell levels left.
You didn't know any spells.
Your spell library was empty.

Dungeon Overview and Level Annotations

Branches:
Dungeon (6/15)             Temple (1/1) D:4

Altars:
Cheibriados
Gozag

Shops:
D:5 **


Innate Abilities, Weirdness & Mutations

You cannot wear most types of armour.
You are amphibious.
You can wear up to eight rings at the same time.
Your skin changes colour to match your surroundings (Stealth+).
Your rubbery body absorbs attacks. (AC +1, EV +1)
((You are camouflaged when in or above water. (Stealth+)))
You have tentacles for arms and can constrict up to eight enemies at once.


Message History

You climb downwards.
There is a stone staircase leading up here. 2 orcs come into view.
l - a +0 dagger (weapon)
The orc shouts! x2; You hear a shout! x2
a - a +0 long sword (weapon)
You closely miss the orc. You grab the orc.
You constrict the orc, but do no damage.
The orc barely misses you.
You hit the orc but do no damage. You constrict the orc.
The orc hits you with a +0 club.
An orc wizard comes into view. It is wielding a +4 dagger of speed.
The orc wizard shouts!
You hit the orc.
You kill the orc!
The orc barely misses you.
You hit the orc. Your grab misses the orc.
The orc is heavily wounded.
The orc barely misses you.
You hit the orc. Your grab misses the orc. Your squeeze misses the orc.
The orc is almost dead.
The orc hits you with a +0 short sword.
The orc wizard casts a spell.
The orc wizard flickers and vanishes!
Deactivating autopickup; reactivate with Ctrl-A.
You closely miss the orc. You grab the orc.
The orc is almost dead.
You constrict the orc.
You kill the orc!
You miss something. Something hits you.
An orc comes into view. It is wielding a +0 mace.
Something hits you.
You barely miss something. Something hits you. x2
You feel yourself speed up. Something hits you.
* * * LOW HITPOINT WARNING * * *
You hear some strange, mumbled words.
A puff of flame appears from out of thin air!
The puff of flame hits you!
You die...
Your body crumbles into a pile of gold.

#####################
#.o{@................
#.###################
... #.#o #.#o # ## $


You could see an orc.

Vanquished Creatures
  A scorpion (D:5)
  A hound (D:5)
  4 gnolls (D:5)
  An adder (D:5)
  An ufetubus (D:5)
  3 orcs
  A kobold (D:4)
12 creatures vanquished.

Notes
Turn   | Place    | Note
-------+----------+-------------------------------------------
     0 | D:5      | Esekla the Octopode Delver began the quest for the Orb.
     0 | D:5      | Reached XP level 1. HP: 16/16 MP: 1/1
    23 | D:5      | Noticed a scorpion
    75 | D:5      | Noticed an ice beast
   108 | D:5      | Found Lapruxze's Assorted Antiques.
   124 | D:5      | Found a snail-covered altar of Cheibriados.
   171 | D:5      | Noticed a hound
   180 | D:5      | Killed a hound
   181 | D:5      | Reached skill level 7 in Stealth
   181 | D:5      | Reached XP level 2. HP: 9/21 MP: 1/3
   181 | D:5      | Reached XP level 3. HP: 11/26 MP: 1/4
   307 | D:5      | Found Menuneis's Neck Hole.
   373 | D:5      | Noticed an orc warrior
   477 | D:5      | Found an opulent altar of Gozag.
   485 | D:5      | Became a worshipper of Gozag Ym Sagoz the Greedy
   556 | D:4      | Found a staircase to the Ecumenical Temple.
   565 | Temple   | Entered the Ecumenical Temple
   745 | D:5      | Bought a scroll labelled GAINEX JUEZI for 26 gold pieces
  1176 | D:5      | Killed a scorpion
  1177 | D:5      | Reached skill level 1 in Spellcasting
  1177 | D:5      | Reached XP level 4. HP: 31/31 MP: 4/6
  1251 | D:5      | Reached XP level 5. HP: 36/36 MP: 7/7
  1423 | D:5      | Bought a scroll labelled USMIULIPHA for 26 gold pieces
  1540 | D:6      | Killed from afar by an orc wizard

Illustrated notes

Levels and vault maps discovered:
D:4:      layout_loops_ring, grunt_qazlal_clouds,
          minmay_temple_entry_from_below_a
D:5:      layout_cave_pods, mainiacjoe_overflow_boulevard, lemuel_tele_altar,
          serial_shops, kennysheep_mini_moat, serial_column_ruins,
          column_ruins_columns_corner, column_ruins_open_tiny,
          column_ruins_corridor_plus, column_ruins_grid_3, column_ruins_grid_1,
          column_ruins_open_small, nicolae_shop_sticking_my_neck_out
D:6:      layout_basic, lemuel_blue_sif_altar, fedhas_altar_1,
          jmf_multi_god_temple
Temple:   hellmonk_temple_flake

Skill      XL: |  1  2  3 |
---------------+----------+-----
Stealth        | 7 |  7.8
Spellcasting   | 1 |  1.8
Fighting       | |  3.6
Long Blades    | |  2.6
Dodging        | |  2.4

Action                     |  1- 3 |  4- 6 || total
---------------------------+-------+-------++-------
  Melee: Falchion          |     8 |       ||     8
         Constrict         |     4 |     5 ||     9
         Tentacles         |     3 |     2 ||     5
         Long sword        |     7 |    17 ||    24
         Punch             |       |     1 ||     1
         Dagger            |       |     1 ||     1
  Evoke: Wand              |     1 |       ||     1
    Use: Scroll            |     2 |       ||     2
         Potion            |       |     1 ||     1
   Stab: Sleeping          |     2 |       ||     2
 Armour: Skin              |     2 |       ||     2
  Dodge: Dodged            |    10 |    11 ||    21

Table legend: (Time is in decaauts)
 A = Elapsed time spent in this place.
 B = Non-inter-level travel time spent in this place.
 C = Inter-level travel time spent in this place.
 D = Time resting spent in this place.
 E = Time spent auto-exploring this place.
 F = Levels seen in this place.
 G = Mean time per level.
                   A        B        C        D        E       F      G
               +--------+--------+--------+--------+--------+-----+--------+
         Total |   1546 |   1502 |     44 |    423 |     57 |   4 |  386.5 |
       Dungeon |   1544 |   1500 |     44 |    423 |     57 |   3 |  514.7 |
        Temple |      1 |      1 |      0 |      0 |      0 |   1 |    1.0 |
               +--------+--------+--------+--------+--------+-----+--------+

Top non-repeatable levels by time:
     D:5: 1299 daAuts
     D:6: 187 daAuts
     D:4: 58 daAuts
  Temple: 1 daAuts
